 Dungeon Crawl Stone Soup version 0.27-a0-262-gc50aac273e (webtiles) character file.

Game seed: 9286465602698635805

140 EnegeticOcto the Shield-Bearer (level 5, 49/49 HPs)
             Began as a Deep Dwarf Fighter on Feb 4, 2021.
             Quit the game on level 4 of the Dungeon.
             The game lasted 00:01:08 (1860 turns).

EnegeticOcto the Shield-Bearer (Deep Dwarf Fighter) Turns: 1860, Time: 00:01:08

Health: 49/49      AC:  7    Str: 20    XL:     5   Next: 2%
Magic:  4/4        EV:  7    Int:  9    God:
Gold:   117        SH:  9    Dex: 12    Spells: 4/4 levels left

rFire    . . .     SeeInvis .   a - +0 war axe
rCold    . . .     Faith    .   c - +0 kite shield
rNeg     . . .     Spirit   .   b - +0 scale mail
rPois    .         Reflect  .   (no helmet)
rElec    .         Harm     .   (no cloak)
rCorr    .         Rampage  .   (no gloves)
Will     .....                  (no boots)
Stlth    ..........             (no amulet)
HPRegen  0.00/turn              (no ring)
MPRegen  0.09/turn              (no ring)

@: non-regenerating
A: damage resistance, heal wounds, sense surroundings 1, no regeneration
a: Heal Wounds


You were on level 4 of the Dungeon.
You visited 1 branch of the dungeon, and saw 4 of its levels.

You collected 117 gold pieces.

Inventory:

Hand Weapons
 a - a +0 war axe (weapon)
Armour
 b - a +0 scale mail (worn)
 c - a +0 kite shield (worn)
Jewellery
 i - a +4 ring of protection {unknown}
Scrolls
 f - a scroll of identify {unknown}
 g - a scroll of random uselessness {unknown}
 h - a scroll of magic mapping {unknown}
 k - 2 scrolls of remove curse {unknown}
 l - a scroll of teleportation {unknown}
Potions
 d - a potion of might {@q3}
 e - 2 potions of curing {unknown}
 j - 2 potions of attraction {unknown}


   Skills:
 + Level 3.3 Fighting
 * Level 4.0 Axes
 + Level 4.0 Armour
 + Level 4.1 Shields


You had 4 spell levels left.
You didn't know any spells.
Your spell library was empty.

Dungeon Overview and Level Annotations

Branches:
Dungeon (4/15)
 Temple: D:4-7

Altars:


Innate Abilities, Weirdness & Mutations

You are resistant to damage.
You can heal yourself by infusing magical energy.
You passively map a small area around you.
You do not regenerate.


Message History

No target in view!
No target in view!
No target in view!
No target in view!
No target in view!
No target in view!
No target in view!
No target in view!
No target in view!
No target in view!
No target in view!
No target in view!
Things that are here:
a +0 dagger; a goblin corpse
Found a stone staircase leading down.
No target in view!
No target in view!
No target in view!
No target in view!
No target in view!
No target in view!
No target in view!
No target in view!
No target in view!
No target in view!
No target in view!
No target in view!
A hobgoblin comes into view. It is wielding a +0 club.
The hobgoblin shouts!
A hobgoblin is nearby!
A hobgoblin is nearby!
A hobgoblin is nearby!
A hobgoblin is nearby!
You block the hobgoblin's attack.
You slash the hobgoblin!
You kill the hobgoblin!
No target in view!
No target in view!
No target in view!
No target in view!
No target in view!
No target in view!
No target in view!
No target in view!
No target in view!
You see here a +0 club.
Found a stone staircase leading up.
No target in view!
No target in view!
No target in view!
No target in view!
No target in view!
No target in view!
There is a stone staircase leading up here.
An adder comes into view.
The adder hisses angrily.
An adder is nearby!
An adder is nearby!
An adder is nearby!
An adder is nearby!
An adder is nearby!
You closely miss the adder. You block the adder's attack.
The adder barely misses you.
You slash the adder!
You kill the adder!
Your Axes skill increases to level 4!
You have reached level 5!
There is a stone staircase leading up here.
You see here a +0 club.
k - a scroll labelled QOJIZX FYDAFU
k - 2 scrolls labelled QOJIZX FYDAFU (gained 1)
l - a scroll labelled ESYESO WOUNA Done exploring.
Done exploring.
No target in view!
Done exploring.
Done exploring.
No target in view!
No target in view!
No target in view!
No target in view!
No target in view!
No target in view!
No target in view!
No target in view!
No target in view!
No target in view!
No target in view!
No target in view!
Done exploring.
Done exploring.
Done exploring.
(D) Dungeon
Where to? (Enter - D:3, ? - help)
There is an open door here.
There is a stone staircase leading down here.
You climb downwards.
Found a pair of glowing boots.
There is a stone staircase leading up here.
Are you sure you want to abandon this character and quit the game? (Confirm with "yes".)

* * , , *
, * *## *
.. , ##.
*
##...###
#.8.8.@#*
#.......#
#.......#
##......#
#[.....#
##....##
#...##
####


There were no monsters in sight!

Vanquished Creatures
  An orc priest (D:3)
  4 adders
  2 oozes (D:2)
  3 dart slugs
  A leopard gecko (D:3)
  4 orcs (D:3)
  6 bats
  A giant cockroach (D:1)
  6 goblins
  5 hobgoblins
  5 jackals
  2 kobolds (D:1)
  A quokka (D:3)
  4 frilled lizards
  9 rats
54 creatures vanquished.

Vanquished Creatures (others)
  A plant (D:1)
1 creature vanquished.

Grand Total: 55 creatures vanquished

Notes
Turn   | Place    | Note
-------+----------+-------------------------------------------
     0 | D:1      | EnegeticOcto the Deep Dwarf Fighter began the quest for the
                  | Orb.
     0 | D:1      | Reached XP level 1. HP: 20/20 MP: 1/1
   186 | D:1      | Reached XP level 2. HP: 24/27 MP: 2/2
   417 | D:2      | Reached XP level 3. HP: 26/33 MP: 3/3
   872 | D:2      | Reached XP level 4. HP: 31/42 MP: 4/4
  1540 | D:3      | Reached XP level 5. HP: 49/49 MP: 4/4
  1860 | D:4      | Quit the game

Illustrated notes

Levels and vault maps discovered:
D:1:      dpeg_chamrin_arrival_tetris, layout_basic, serial_forest,
          infiniplex_forest_corner_1, infiniplex_forest_diagonal,
          infiniplex_forest_lined_room_, infiniplex_forest_lined_3_way,
          infiniplex_forest_zigzag_1, infiniplex_forest_clump_long
D:2:      layout_basic
D:3:      layout_basic
D:4:      layout_cave_pods, serial_column_ruins, column_ruins_pillar_9,
          column_ruins_pillar_4, column_ruins_pillar_2, column_ruins_pillar_2,
          column_ruins_pillar_3, column_ruins_pillar_3, column_ruins_pillar_2,
          column_ruins_pillar_1, column_ruins_pillar_1, column_ruins_pillar_8,
          column_ruins_pillar_6, column_ruins_pillar_3, column_ruins_pillar_3,
          column_ruins_pillar_7, column_ruins_pillar_2, column_ruins_pillar_2,
          serial_shops, shop

Skill      XL: |  1  2  3  4 |
---------------+-------------+-----
Axes           | 3 4 |  4.0
Fighting       | 3 |  3.3
Armour         | 4 |  4.0
Shields        | 4 |  4.1

Action                   |  1- 3 |  4- 6 || total
-------------------------+-------+-------++-------
Melee: War axe           |    86 |    63 ||   149
 Abil: Heal Wounds       |       |     2 ||     2
Armor: Scale mail        |    46 |    28 ||    74
Dodge: Dodged            |    39 |    21 ||    60
Block: Kite shield       |    44 |    37 ||    81

Table legend: (Time is in decaauts)
 A = Elapsed time spent in this place.
 B = Non-inter-level travel time spent in this place.
 C = Inter-level travel time spent in this place.
 D = Time resting spent in this place.
 E = Time spent auto-exploring this place.
 F = Levels seen in this place.
 G = Mean time per level.
                   A        B        C        D        E       F      G
               +--------+--------+--------+--------+--------+-----+--------+
         Total |   1944 |   1831 |    113 |      0 |   1477 |   4 |  486.0 |
       Dungeon |   1944 |   1831 |    113 |      0 |   1477 |   4 |  486.0 |
               +--------+--------+--------+--------+--------+-----+--------+

Top non-repeatable levels by time:
     D:3: 872 daAuts
     D:2: 643 daAuts
     D:1: 427 daAuts
     D:4: 0 daAuts
